 Dungeon Crawl Stone Soup version 0.30-a0-748-ge6a52f7cba (webtiles) character file.

Game seed: 4517274503841474111

166451 cforsyth the Convoker (level 17, -35/115 HPs)
             Began as a Tengu Summoner on Feb 8, 2023.
             Was an Initiate of Gozag.
             Annihilated by an alligator (39 damage)
             ... called by a spriggan druid
             ... on level 2 of the Swamp on Feb 9, 2023.
             The game lasted 02:14:56 (40093 turns).

cforsyth the Convoker (Tengu Summoner)             Turns: 40093, Time: 02:14:57

Health: -35/115    AC:  7    Str: 11    XL:     17   Next: 90%
Magic:  24/44      EV: 25    Int: 22    God:    Gozag
Gold:   171        SH:  0    Dex: 14    Spells: 30/43 levels left

rFire   . . .      SeeInvis +    (no weapon)
rCold   . . .      Faith    .    (no shield)
rNeg    . . .      Spirit   .    D - +2 robe {Will+}
rPois   .          Reflect  .    (helmet restricted)
rElec   .          Harm     .    y - +1 cloak
rCorr   .          Rampage  .    Q - +0 pair of gloves
Will    ++...                    (boots unavailable)
Stlth   ++                       s - amulet of the acrobat
HPRegen 0.39/turn                e - ring of see invisible
MPRegen 0.29/turn                B - ring of magical power

@: gold aura, on berserk cooldown, flying quickly and evasively, slowed, very
slow
A: beak, talons 3, nimble flight
a: Renounce Religion, Potion Petition, Call Merchant, Bribe Branch


You were on level 2 of the Swamp.
You worshipped Gozag.
Gozag was aware of your devotion.
You visited 6 branches of the dungeon, and saw 26 of its levels.
You visited the Abyss 1 time.
You also visited: Ossuary and Bailey.

You collected 10178 gold pieces.
You spent 54 gold pieces at shops.
You paid 9953 gold pieces to Gozag.

Inventory:

Armour
 y - a +1 cloak (worn)
 D - a +2 robe of willpower (worn)
 Q - a +0 pair of gloves (worn)
Jewellery
 c - a ring of protection from cold
 e - a ring of see invisible (left hand)
 k - a ring of protection from cold
 s - an amulet of the acrobat (around neck)
 z - a ring of ice
 B - a ring of magical power (right hand)
 C - an amulet of guardian spirit
 K - a ring of positive energy
 P - a ring of wizardry
 S - a +4 ring of protection
 T - a ring of resist corrosion
 U - a ring of poison resistance
 W - an amulet of regeneration
Wands
 d - a wand of mindburst (12)
 g - a wand of iceblast (24)
 n - a wand of digging (3)
 u - a wand of polymorph (6)
 O - a wand of flame (21)
 V - a wand of acid (10)
Scrolls
 a - 5 scrolls of enchant armour
 h - 12 scrolls of teleportation
 l - 3 scrolls of amnesia
 o - 4 scrolls of immolation
 p - 3 scrolls of magic mapping
 x - 5 scrolls of vulnerability
 A - 5 scrolls of fog
 E - 3 scrolls of fear
 G - 3 scrolls of identify
 J - 5 scrolls of poison
 L - a scroll of silence {unknown}
 N - a scroll of torment {unknown}
Potions
 b - 4 potions of magic
 f - 7 potions of curing
 i - 8 potions of attraction
 j - 6 potions of haste
 m - 4 potions of brilliance
 q - 6 potions of mutation
 r - a potion of berserk rage
 t - 6 potions of heal wounds
 v - a potion of flight
 w - 5 potions of lignification
 F - a potion of invisibility
 I - 4 potions of might
 M - 5 potions of cancellation
 R - 9 potions of ambrosia


   Skills:
 - Level 16.0 Fighting
 - Level 17.5 Dodging
 - Level 2.0 Stealth
 - Level 13.8 Spellcasting
 + Level 18.3 Summonings


You had 30 spell levels left.
You knew the following spells:

 Your Spells              Type           Power      Damage    Failure   Level
a - Summon Small Mammal   Summ           100%       N/A       0%          1
b - Call Imp              Summ           77%        N/A       0%          2
c - Call Canine Familiar  Summ           77%        N/A       0%          3
d - Summon Guardian Gole  Hex/Summ       53%        N/A       1%          3
e - Summon Lightning Spi  Summ/Air       53%        N/A       1%          4

Your spell library contained the following spells:

 Spells                   Type           Power      Damage    Failure   Level
 Summon Ice Beast         Ice/Summ       53%        N/A       1%          4
 Slow                     Hex            60%        N/A       4%          1
 Blink                    Tloc           30%        N/A       6%          2
 Lesser Beckoning         Tloc           30%        N/A       6%          2
 Momentum Strike          Conj/Tloc      30%        3d8       6%          2
 Static Discharge         Conj/Air       30%        2-4/arc   6%          2
 Sublimation of Blood     Necr           15%        N/A       6%          2
 Confusing Touch          Hex            15%        N/A       12%         3
 Dazzling Flash           Conj/Hex       30%        N/A       12%         3
 Frozen Ramparts          Ice            30%        1d5       12%         3
 Gell's Gravitas          Tloc           15%        N/A       12%         3
 Ignite Poison            Fire/Tmut/Pois 15%        N/A       12%         3
 Kindle Blastsparks       Fire/Tloc/Air  30%        2d12      12%         3
 Teleport Other           Tloc           15%        N/A       12%         3
 Vampiric Draining        Necr           15%        2d7       12%         3
 Vhi's Electric Charge    Tloc/Air       30%        N/A       12%         3
 Ice Form                 Ice/Tmut       15%        N/A       38%         4
 Manifold Assault         Tloc           15%        N/A       38%         4
 Petrify                  Tmut/Erth      15%        N/A       38%         4
 Agony                    Necr           15%        N/A       75%         5
 Alistair's Intoxication  Tmut/Pois      10%        N/A       75%         5
 Arcjolt                  Conj/Air       7%         1d17      75%         5
 Blade Hands              Tmut           7%         N/A       75%         5
 Borgnjor's Vile Clutch   Necr/Erth      7%         N/A       75%         5
 Freezing Cloud           Conj/Ice/Air   7%         6-21      75%         5
 Irradiate                Conj/Tmut      7%         3d14      75%         5
 Lightning Bolt           Conj/Air       7%         1d20      75%         5
 Silence                  Hex/Air        7%         N/A       75%         5
 Dispersal                Tloc           7%         N/A       99%         6
 Eringya's Noxious Bog    Tmut/Pois      7%         N/A       99%         6
 Dragon Form              Tmut           7%         N/A       100%        7
 Disjunction              Tloc           7%         N/A       100%        8
 Chain Lightning          Conj/Air       7%         3d10      100%        9
 Fire Storm               Conj/Fire      7%         8d2       100%        9
 Shatter                  Erth           7%         3d10*     100%        9


Dungeon Overview and Level Annotations

Branches:
Dungeon (15/15)            Temple (1/1) D:6            Lair (5/5) D:8
  Swamp (1/4) Lair:3        Snake (1/4) Lair:3        Slime (0/5) Lair:4
    Orc (2/2) D:11            Elf (0/3) Orc:2        Vaults (0/5) D:13
 Depths (0/4) D:15        Ossuary (visited)          Bailey (visited)

Altars:
Ashenzari
Cheibriados
Dithmenos
Elyvilon
Fedhas
Gozag
Hepliaklqana
Kikubaaqudgha
Makhleb
Nemelex Xobeh
Okawaru
Ru
Sif Muna
Trog
Wu Jian
Yredelemnul
Zin
The Shining One
Jiyva

Shops:
D:4 *   D:5 *   Orc:2 :*!?   Lair:1 *==**=[*:

Annotations:
D:13 2 transporters, Newt's ghost, journeyman KoHu
D:14 3 runed translucent doors, Ytheofip's ghost, journeyman FoFi
Lair:2 3 runed translucent doors, bobo's ghost, journeyman OpEE


Innate Abilities, Weirdness & Mutations

You have a beak for a mouth.
You have claws for feet.
Your magical nature lets you fly swiftly and evasively.


Message History

The alligator bites your lightning spire!!
The alligator tail-slaps your lightning spire.
Your warg bites the alligator.
The moth of wrath bites you!!
* * * LOW HITPOINT WARNING * * *
The moth of wrath infuriates you!
A red film seems to cover your vision as you go berserk!
You feel yourself moving faster!
You feel mighty!
Unknown command.
You are too berserk!
You barely miss the moth of wrath. You claw the moth of wrath.
You peck the moth of wrath!
The moth of wrath is heavily wounded.
The alligator bites your lightning spire!!
Your lightning spire is destroyed!
Your lightning spire disappears in a puff of smoke!
Your guardian golem overheats!
The swamp worm bites your guardian golem.
Flame seeps out of your guardian golem.
Your warg closely misses the alligator.
The alligator bites your warg!!
Your warg dies!
Your warg's corpse disappears in a puff of smoke!
Your guardian golem disappears in a puff of smoke!
Your guardian golem explodes!
The fiery explosion engulfs the alligator.
The fiery explosion engulfs the swamp worm!!
You hear a hideous shriek!
You are too berserk!
You are too berserk!
The swamp worm is engulfed in blazing flames.
The swamp worm dies!
You feel a strong urge to attack something.
The alligator is engulfed in blazing flames.
You feel your anger nearly subside.
You are no longer berserk.
You are exhausted.
You feel yourself slow down.
The alligator no longer looks unusually strong.
As you read the scroll of summoning, it crumbles to dust.
Wisps of shadow whirl around you... The alligator bites you!!!
You die...
Your body crumbles into a pile of gold.

♣..~..☼~~....♣
♣§§§...~~..♣♣
♣§....○....♣♣ ~
♣♣§§§..$$...~♣♣ ..
♣.....♣...§..~♣.~.
...♣♣♣...♣♣♣§°☼..~§~~.~
.........♣♣.........~..
......ytwD♣♣♣.........~
.~$....@.♣♣ ♣.~~.....§♣
♣...~...~♣ ♣.......~♣♣
♣♣♣♣.D~.~♣ ......~..~♣
♣♣♣♣♣♣♣ ♣♣.......~.♣
♣♣♣.♣♣..~♣ ♣♣ ♣♣


You could see an alligator (berserk, swift, ally target), a moth of wrath
(strong, ally target), a friendly seven-headed hydra (summoned), a friendly
six-headed hydra (summoned) and a friendly tyrant leech (summoned).

Vanquished Creatures
  A catoblepas (D:13)
  An ugly thing (D:13)
  2 black mambas
  A cane toad (Lair:2)
  2 blink frogs (Lair:5)
  A water elemental (D:11)
  A wraith (D:11)
  An ice beast (D:5)
  An ogre (Orc:2)
  2 bullfrogs
  A wyvern zombie (Ossuary)
  A killer bee zombie (Ossuary)
  A dart slug (D:2)
  A bat (D:1)
  A goblin (Bailey)
  A frilled lizard (D:1)
  2 kobolds (D:1)
  A bush (Lair:2)
22 creatures vanquished.

Vanquished Creatures (collateral kills)
  Rupert (D:15)
  Azrael (D:15)
  A bunyip (Swamp:2)
  A vault guard (D:13)
  Erolcha (Orc:1)
  2 hydras
  A death knight (D:15)
  2 catoblepae
  An anaconda (Snake:1)
  2 ogre magi
  13 two-headed ogres
  A boulder beetle (D:15)
  4 centaur warriors
  Urug (Lair:1)
  A death yak (Lair:5)
  A naga warrior (Orc:2)
  An alligator (Swamp:2)
  5 tengu warriors
  2 skeletal warriors (D:14)
  A deep troll (Orc:2)
  A spriggan druid (Swamp:2)
  A goliath frog (Swamp:2)
  A naga ritualist (Snake:1)
  3 wizards
  3 orc knights
  A deep elf pyromancer (D:12)
  Pikel (D:8)
  4 mana vipers (Snake:1)
  3 cyclopes
  2 orc sorcerers
  4 oklob plants
  3 salamanders
  4 manticores
  9 ugly things
  6 elephants
  5 naga magi (Snake:1)
  4 black mambas
  3 slime creatures (D:13)
  A gargoyle (D:10)
  6 cane toads
  5 rime drakes
  2 unseen horrors (D:11)
  2 kobold demonologists
  Psyche (D:8)
  5 komodo dragons
  2 tengu conjurers (D:13)
  6 trolls
  2 polar bears
  3 meliai (D:15)
  5 blink frogs
  3 dream sheep (Lair:5)
  3 shadows
  A vampire (D:10)
  A water elemental (D:14)
  Sigmund (D:6)
  2 wraiths
  18 yaks
  3 wyverns
  14 humans
  5 fire elementals
  2 basilisks
  4 steam dragons (Lair:3)
  6 vampire mosquitoes
  6 nagas (Snake:1)
  4 swamp worms (Lair:3)
  14 water moccasins
  4 wargs
  2 acid dragons
  A hell hound (D:15)
  2 black bears
  23 orc warriors
  A hornet zombie (Ossuary)
  A sky beast (D:7)
  19 wolves
  4 centaurs
  22 ogres
  3 lemures
  A phantom (D:6)
  A kobold brigand (D:8)
  8 bullfrogs
  3 wyvern zombies (Ossuary)
  3 necrophages
  4 scorpions
  A gnoll sergeant (D:8)
  5 wights
  4 killer bees (Lair:1)
  2 electric eels
  4 howler monkeys
  3 bullfrog zombies (Ossuary)
  3 centaur zombies (Ossuary)
  3 lava snakes (Lair:3)
  3 hounds
  2 jellies (D:5)
  5 orc priests
  An iguana (D:6)
  Natasha (thrice) (D:2)
  24 orc wizards
  A killer bee zombie (Ossuary)
  A howler monkey zombie (Ossuary)
  10 mummies (Ossuary)
  Robin (D:2)
  16 gnolls
  6 adders
  3 shadow imps (D:6)
  2 ufetubi
  A worm (D:2)
  3 dart slugs
  60 orcs
  4 bats
  4 endoplasms
  A giant cockroach (D:4)
  18 goblins
  21 hobgoblins
  8 jackals
  2 quokkas
  8 ball pythons
  A frilled lizard (D:3)
  2 goblin skeletons (D:6)
  A goblin zombie (D:6)
  2 hobgoblin zombies (D:6)
  16 kobolds
  3 orc skeletons (D:6)
  An orc zombie (D:6)
  4 rats
  2 bushes (D:7)
595 creatures vanquished.

Vanquished Creatures (others)
  Jorgrun (D:15)
  An orc warlord (Bailey)
  A stone giant (D:15)
  The ghost of SirDiesAlot the Severer, a journeyman HOFi of the Shining One (Orc:1)
  A merfolk javelineer (Orc:2)
  7 hydras
  2 vault guards (D:13)
  3 catoblepae
  A death knight (D:12)
  2 anacondas (Snake:1)
  A centaur warrior (D:15)
  An ogre mage (Orc:2)
  4 death yaks (Lair:5)
  2 two-headed ogres
  2 tengu warriors
  2 shock serpents (Snake:1)
  5 skeletal warriors
  A deep troll (Orc:2)
  3 orc knights
  A wizard (D:13)
  A necromancer (D:13)
  3 ugly things (D:15)
  3 mana vipers (Snake:1)
  A moth of wrath (Swamp:2)
  A manticore (Lair:5)
  3 cyclopes
  6 elephants
  5 black mambas
  A gargoyle (D:11)
  4 rime drakes
  2 komodo dragons
  A queen bee (Lair:1)
  A freezing wraith (D:15)
  4 trolls
  4 blink frogs (Lair:4)
  2 tyrant leeches (Swamp:2)
  5 dream sheep (Lair:5)
  A wyvern (D:11)
  13 yaks
  A basilisk (Lair:5)
  5 humans (D:13)
  3 steam dragons (Lair:3)
  2 wargs (D:14)
  2 vampire mosquitoes (D:13)
  A swamp worm (Swamp:2)
  2 nagas (Snake:1)
  3 water moccasins
  16 orc warriors
  An ice beast (D:5)
  6 ogres
  7 centaurs
  6 wolves
  A kobold brigand (D:8)
  2 bullfrogs
  21 killer bees
  A howler monkey (D:7)
  A centaur zombie (Ossuary)
  Crazy Yiuf (D:4)
  4 orc wizards
  A nameless horror (Lair:3)
  4 mummies (Ossuary)
  A gnoll (Bailey)
  4 orcs
  A goblin (Bailey)
  42 fungi
  67 plants
  8 withered plants (Ossuary)
317 creatures vanquished.

Grand Total: 934 creatures vanquished

Notes
Turn   | Place    | Note
-------+----------+-------------------------------------------
     0 | D:1      | cforsyth the Tengu Summoner began the quest for the Orb.
     0 | D:1      | Reached XP level 1. HP: 10/10 MP: 4/4
    86 | D:1      | Reached skill level 5 in Summonings
   138 | D:1      | Reached XP level 2. HP: 13/15 MP: 3/6
   301 | D:1      | You fall into a shaft and drop 1 floor!
   305 | D:2      | Learned a level 2 spell: Call Imp
   528 | D:2      | Noticed Natasha
   608 | D:2      | Reached XP level 3. HP: 19/19 MP: 4/7
   612 | D:2      | Learned a level 3 spell: Call Canine Familiar
   715 | D:2      | Killed Natasha
   716 | D:2      | Reached XP level 4. HP: 17/24 MP: 5/9
   733 | D:2      | Noticed Robin
   741 | D:2      | Noticed Natasha
   747 | D:2      | Killed Robin
   749 | D:2      | Killed Natasha
   750 | D:2      | Reached skill level 6 in Summonings
  1058 | D:1      | Found a faded altar of an unknown god.
  1311 | D:2      | Gained mutation: Your magical nature lets you fly swiftly
                  | and evasively. [Tengu growth]
  1311 | D:2      | Reached XP level 5. HP: 28/28 MP: 11/11
  1373 | D:2      | Learned a level 3 spell: Summon Guardian Golem
  1530 | D:2      | Noticed Natasha
  1534 | D:2      | Killed Natasha
  2319 | D:3      | Found an ornate altar of the Wu Jian Council.
  2445 | D:3      | Upgraded the game from 0.30-a0-743-gbfdf073431 to
                  | 0.30-a0-748-ge6a52f7cba
  2524 | D:4      | Reached XP level 6. HP: 20/32 MP: 9/13
  2628 | D:4      | Found a shimmering blue altar of Sif Muna.
  2783 | D:4      | Found a runed translucent door.
  2784 | D:4      | Noticed Crazy Yiuf
  2884 | D:4      | Reached skill level 7 in Summonings
  3287 | D:4      | Found Firytephi's Serpentskin Sales.
  3287 | D:4      | Noticed a water moccasin
  3312 | D:4      | Killed a water moccasin
  3481 | D:4      | Killed Crazy Yiuf
  3537 | D:5      | Entered Level 5 of the Dungeon
  3591 | D:5      | Reached skill level 5 in Spellcasting
  3591 | D:5      | Reached XP level 7. HP: 35/36 MP: 11/15
  3596 | D:5      | Learned a level 4 spell: Summon Lightning Spire
  3656 | D:5      | Reached skill level 8 in Summonings
  4082 | D:5      | Reached skill level 9 in Summonings
  4082 | D:5      | Reached XP level 8. HP: 41/41 MP: 10/18
  4342 | D:5      | Found a shadowy altar of Dithmenos.
  4454 | D:5      | Found Osap's Assorted Antiques.
  4462 | D:5      | Bought a scroll labelled BOINEX BOEC for 27 gold pieces
  4462 | D:5      | Bought a scroll labelled RESUSU BOZU for 27 gold pieces
  4555 | D:5      | Found an iron altar of Okawaru.
  4805 | D:6      | Found a staircase to the Ecumenical Temple.
  4833 | Temple   | Entered the Ecumenical Temple
  4870 | Temple   | Became a worshipper of Gozag Ym Sagoz the Greedy
  5064 | D:6      | Noticed Sigmund
  5073 | D:6      | Killed Sigmund
  5074 | D:6      | Reached skill level 10 in Summonings
  5221 | D:6      | Reached XP level 9. HP: 45/45 MP: 21/21
  5390 | D:6      | Found a glowing golden altar of the Shining One.
  5820 | D:7      | Reached skill level 11 in Summonings
  5931 | D:7      | Found a blossoming altar of Fedhas.
  6027 | D:7      | Found a flagged portal.
  6049 | Bailey   | Entered a bailey
  6290 | Bailey   | Noticed an orc warlord
  6312 | Bailey   | Reached skill level 12 in Summonings
  6315 | Bailey   | Killed an orc warlord
  6316 | Bailey   | Reached XP level 10. HP: 42/50 MP: 8/24
  6523 | Bailey   | Reached skill level 13 in Summonings
  7007 | D:7      | Found a basalt altar of Yredelemnul.
  7173 | D:7      | Found a glowing silver altar of Zin.
  7379 | D:7      | Noticed an oklob plant
  7405 | D:7      | Killed an oklob plant
  7406 | D:7      | Reached skill level 10 in Spellcasting
  7583 | D:8      | Found a sacrificial altar of Ru.
  7657 | D:8      | Found a staircase to the Lair.
  7660 | D:8      | Found a sand-covered staircase.
  7665 | Ossuary  | Entered an ossuary
  7996 | Ossuary  | Reached skill level 14 in Summonings
  8225 | Ossuary  | Reached skill level 1 in Fighting
  8501 | D:8      | Noticed Psyche
  8514 | D:8      | Killed Psyche
  8603 | D:8      | Reached XP level 11. HP: 59/59 MP: 25/26
  8603 | D:8      | Noticed Pikel
  8618 | D:8      | Killed Pikel
  8922 | D:8      | Reached skill level 5 in Dodging
  9318 | D:9      | Noticed a skeletal warrior
  9319 | D:9      | Noticed a skeletal warrior
  9528 | D:9      | Noticed a two-headed ogre
  9534 | D:9      | Killed a two-headed ogre
  9535 | D:9      | Reached skill level 5 in Fighting
  9642 | D:9      | Killed a skeletal warrior
  9780 | D:9      | Noticed a skeletal warrior
  9785 | D:9      | Killed a skeletal warrior
  9800 | D:9      | Killed a skeletal warrior
 10591 | D:10     | Entered Level 10 of the Dungeon
 10802 | D:10     | Noticed a two-headed ogre
 10811 | D:10     | Killed a two-headed ogre
 10872 | D:10     | Identified a scroll of acquirement
 10874 | D:10     | Acquired 557 gold pieces
 11396 | D:11     | Reached XP level 12. HP: 72/72 MP: 27/27
 12307 | D:11     | Found a staircase to the Orcish Mines.
 12759 | D:12     | Reached skill level 10 in Dodging
 12795 | D:12     | Noticed a death knight
 12813 | D:12     | Killed a death knight
 13845 | Lair:1   | Entered Level 1 of the Lair of Beasts
 13995 | Lair:1   | Noticed Urug
 14019 | Lair:1   | Killed Urug
 14297 | Lair:1   | Reached skill level 10 in Fighting
 15056 | Lair:1   | Reached XP level 13. HP: 39/83 MP: 28/28
 15706 | Lair:2   | Found a runed translucent gate.
 15706 | Lair:2   | Found a runed translucent gate.
 15803 | Lair:2   | Noticed bobo's ghost (journeyman OpEE)
 16293 | Lair:2   | Found a runed translucent gate.
 18253 | Lair:3   | Found a shimmering blue altar of Sif Muna.
 19303 | Lair:3   | Found a staircase to the Swamp.
 19931 | Lair:3   | Found a staircase to the Snake Pit.
 21007 | Lair:4   | Found a staircase to the Slime Pits.
 21007 | Lair:4   | Found a viscous altar of Jiyva.
 21026 | Lair:4   | Reached XP level 14. HP: 87/92 MP: 22/29
 22111 | Lair:5   | Entered Level 5 of the Lair of Beasts
 22970 | Lair:5   | Reached skill level 15 in Dodging
 24397 | Lair:5   | Reached skill level 15 in Summonings
 25857 | Orc:1    | Entered Level 1 of the Orcish Mines
 25857 | Orc:1    | Noticed Erolcha
 25871 | Orc:1    | Killed Erolcha
 26032 | Orc:1    | Reached XP level 15. HP: 99/99 MP: 21/31
 26743 | Orc:2    | Entered Level 2 of the Orcish Mines
 27362 | Orc:2    | Found Veosch's Book Shoppe.
 27391 | Orc:2    | Reached skill level 16 in Summonings
 28067 | Orc:2    | Found a runed translucent gate.
 28067 | Orc:2    | Found a runed translucent gate.
 28068 | Orc:2    | Found a runed translucent gate.
 28210 | Orc:2    | Noticed SirDiesAlot's ghost (journeyman HOFi)
 28226 | Orc:2    | Found a staircase to the Elven Halls.
 28259 | Orc:2    | Found Realag's General Store.
 28261 | Orc:2    | Found Zoisag's Distillery.
 28269 | Orc:2    | Found Huhecax's Magic Scroll Emporium.
 28517 | Orc:2    | Found an iron altar of Okawaru.
 28549 | Orc:2    | Reached skill level 17 in Summonings
 28872 | Orc:1    | Killed SirDiesAlot's ghost
 29712 | D:13     | Found a transporter.
 29865 | D:13     | Identified the +4 chain mail of Dyspraxia {Dex+5}
 29881 | D:13     | Noticed Newt's ghost (journeyman KoHu)
 31289 | Abyss:2  | Cast into level 2 of the Abyss (a wizard)
 31309 | Abyss:2  | Found a corrupted altar of Lugonu.
 31433 | Abyss:2  | Noticed a bone dragon
 31437 | D:13     | Escaped the Abyss
 31614 | D:13     | Found a gate to the Vaults.
 31710 | D:13     | Found a transporter.
 31946 | D:14     | Reached skill level 18 in Summonings
 31946 | D:14     | Reached XP level 16. HP: 31/104 MP: 27/34
 31946 | D:14     | Reached XP level 17. HP: 33/111 MP: 27/35
 32322 | D:14     | Found a runed translucent gate.
 32322 | D:14     | Found a runed translucent gate.
 32322 | D:14     | Found a runed translucent gate.
 32323 | D:14     | Noticed Ytheofip's ghost (journeyman FoFi)
 33590 | D:15     | Entered Level 15 of the Dungeon
 34071 | D:15     | Noticed Rupert
 34073 | D:15     | Paralysed by Rupert for 5 turns
 34245 | D:15     | Killed Rupert
 34292 | D:15     | Noticed Azrael
 35389 | D:15     | Reached skill level 15 in Fighting
 35634 | D:15     | Killed Azrael
 36132 | D:15     | Noticed Jorgrun
 36148 | D:15     | Killed Jorgrun
 37033 | D:15     | Found a staircase to the Depths.
 37511 | D:15     | Found a sparkling altar of Nemelex Xobeh.
 37768 | Snake:1  | Entered Level 1 of the Snake Pit
 37768 | Snake:1  | Found a basalt altar of Yredelemnul.
 39289 | Snake:1  | Identified the +2 sling "Viseruome" {drain, Dex+3}
 40010 | Swamp:1  | Entered Level 1 of the Swamp
 40010 | Swamp:1  | You are sucked into a shaft and drop 1 floor!
 40087 | Swamp:2  | HP: 3/115 [moth of wrath[a spriggan druid] (29)]
 40093 | Swamp:2  | Annihilated by an alligator

Illustrated notes

Levels and vault maps discovered:
D:1:      minmay_arrival_plants_in_alcoves, layout_rooms,
          shapermc_ecumenical_altar_mp_vishouse
D:2:      layout_basic, uniq_robin, uniq_natasha
D:3:      layout_loops_cross, nzn_wu_jian_council_hall
D:4:      layout_loops_cross, lemuel_crystal_altar, guppyfry_shop_venom,
          uniq_crazy_yiuf_cottage
D:5:      layout_loops_ring, lemuel_coloured_pillars_altar,
          mainiacjoe_overflow_concentric_impassable, serial_shops,
          shop_fountains
D:6:      layout_gridville, nicolae_tso_besieged_by_evil,
          minmay_temple_entry_statues_fountains, uniq_sigmund
D:7:      layout_basic, zin_statuary, tgw_fedhas,
          mainiacjoe_overflow_small_starburst, enter_bailey_4, minmay_ruffians
D:8:      layout_rooms, nicolae_ru_great_annihilating_truth, lair_entry_dummy,
          enter_ossuary_2, grunt_tough_drop, uniq_pikel, uniq_psyche
D:9:      layout_stronghold, serial_bayou, serial_bayou_pond_e,
          serial_bayou_shore_b, serial_bayou_pond_a, serial_bayou_shore_a
D:10:     layout_long_grid, chequers_serial_rivers_marsh
D:11:     layout_loops_ring, erik_orc_2
D:12:     layout_irregular_city, chequers_serial_rivers_marsh
D:13:     layout_long_grid, grunt_vaults_entry_tiered,
          gammafunk_ghost_berserking_beasts, patterned_corridor
D:14:     layout_irregular_city, gammafunk_ghost_necromancy,
          hangedman_abyss_or_decor_clamps, nooodl_orcs_dogs
D:15:     grunt_enter_depths_snipers, layout_long_grid,
          nemelex_spade_bored_becter, uniq_jorgrun, uniq_azrael, uniq_rupert
Temple:   nicolae_temple_bog_church
Lair:1:   layout_roguey [special_room_bee], serial_rivers,
          chequers_serial_rivers_room_b, chequers_serial_rivers_micro_a,
          chequers_serial_rivers_micro_c, chequers_serial_rivers_micro_e,
          nicolae_quartered_pool_impasse, uniq_urug
Lair:2:   layout_cave_pods, gammafunk_ghost_icy, st_stairs_13,
          minmay_lair_oklob_items, minivault_23
Lair:3:   layout_regular_city, minmay_swamp_entry_worms,
          nicolae_snake_entry_warm_welcome, basic_altar, minivault_23,
          bobbens_dragon_lair_wall
Lair:4:   layout_misc_corridors, minmay_slime_entry_oklob_open
Lair:5:   evilmike_catoblepas_cave, layout_regular_city
Swamp:1:  layout_basic_swamp, evilmike_swamp_ruin_house_2,
          nicolae_swamp_fairy_circle, infiniplex_staircase_pool
Swamp:2:  layout_basic_swamp, gammafunk_ghost_wrathful_warriors,
          nicolae_swamp_trees_clearing
Snake:1:  cheibrodos_forgotten_conduit, layout_onion_interference, basic_altar,
          chequers_hall_statues_y, serial_bayou_crossing
Orc:1:    nicolae_orc_accident_3, layout_diamond_mine, uniq_erolcha
Orc:2:    st_orc_open, layout_caves, gammafunk_ghost_fury_of_okawaru

Skill      XL: |  1  2  3  4  5  6  7  8  9 10 11 12 13 14 15 16 17 |
---------------+----------------------------------------------------+-----
Summonings     | 5 6 7 9 10 12 14 15 18 | 18.3
Spellcasting   | 3 4 5 6 7 9 10 11 13 | 13.8
Fighting       | 2 7 10 12 13 14 16 | 16.0
Dodging        | 3 8 11 14 15 17 | 17.5
Stealth        | |  2.0

Action                     |  1- 3 |  4- 6 |  7- 9 | 10-12 | 13-15 | 16-18 || total
---------------------------+-------+-------+-------+-------+-------+-------++-------
  Melee: Unarmed           |    23 |    10 |    26 |   150 |   246 |    26 ||   481
         Kick              |     7 |       |     6 |    77 |   144 |    10 ||   244
         Peck              |     1 |     1 |     7 |    49 |   106 |     6 ||   170
         Punch             |       |       |     1 |     2 |     5 |       ||     8
   Cast: Summon Small Mamm |    19 |    11 |    32 |    24 |    43 |    11 ||   140
         Call Imp          |     6 |     8 |    15 |    11 |    27 |     6 ||    73
         Call Canine Famil |     2 |    19 |    24 |    70 |   154 |    63 ||   332
         Summon Guardian G |       |     3 |    15 |    74 |   181 |    91 ||   364
         Summon Lightning  |       |       |     7 |    46 |   159 |    66 ||   278
 Invoke: Call Merchant     |       |       |       |       |     8 |     1 ||     9
  Evoke: Wand              |       |       |       |       |     1 |       ||     1
    Use: Potion            |       |     1 |       |       |     3 |     9 ||    13
         Scroll            |       |       |     4 |    26 |     3 |     5 ||    38
   Stab: Distracted        |       |       |     1 |     1 |     3 |     1 ||     6
         Sleeping          |       |       |       |       |     1 |       ||     1
 Armour: Robe              |     7 |    20 |    11 |    43 |    49 |    19 ||   149
  Dodge: Dodged            |    38 |    68 |    60 |   201 |   419 |   159 ||   945

Table legend: (Time is in decaauts)
 A = Elapsed time spent in this place.
 B = Non-inter-level travel time spent in this place.
 C = Inter-level travel time spent in this place.
 D = Time resting spent in this place.
 E = Time spent auto-exploring this place.
 F = Levels seen in this place.
 G = Mean time per level.
                   A        B        C        D        E       F      G
               +--------+--------+--------+--------+--------+-----+--------+
         Total |  38411 |  36800 |   1611 |   9098 |  18282 |  29 | 1324.5 |
       Dungeon |  19840 |  19108 |    732 |   4151 |  10220 |  15 | 1322.7 |
        Temple |     51 |     37 |     14 |      0 |     25 |   1 |   51.0 |
          Lair |  11735 |  10931 |    804 |   3163 |   5194 |   5 | 2347.0 |
         Swamp |     77 |     77 |      0 |      0 |     25 |   2 |   38.5 |
     Snake Pit |   1960 |   1937 |     23 |    736 |    830 |   1 | 1960.0 |
  Orcish Mines |   3319 |   3284 |     35 |    935 |   1481 |   2 | 1659.5 |
         Abyss |    136 |    136 |      0 |     30 |      0 |   1 |  136.0 |
       Ossuary |    607 |    607 |      0 |     64 |    210 |   1 |  607.0 |
        Bailey |    682 |    682 |      0 |     18 |    293 |   1 |  682.0 |
               +--------+--------+--------+--------+--------+-----+--------+

Top non-repeatable levels by time:
    D:14: 3001 daAuts
  Lair:5: 2965 daAuts
    D:15: 2498 daAuts
  Lair:2: 2483 daAuts
  Lair:3: 2314 daAuts
    D:13: 2195 daAuts
   Orc:1: 2112 daAuts
  Lair:4: 2035 daAuts
 Snake:1: 1960 daAuts
  Lair:1: 1936 daAuts
     D:9: 1312 daAuts
    D:11: 1305 daAuts
   Orc:2: 1207 daAuts
    D:12: 1174 daAuts
     D:7: 1118 daAuts
